 Dungeon Crawl Stone Soup version 0.31-a0-1074-g0b22e4e0f1 (webtiles) character file.

Game seed: 2269729005127010096

39 wildpjah the Trooper (level 3, -5/33 HPs)
             Began as a Minotaur Fighter on Nov 27, 2023.
             Slain by a sleepcap (16 damage)
             ... on level 3 of the Dungeon.
             The game lasted 00:01:55 (1483 turns).

wildpjah the Trooper (Minotaur Fighter)             Turns: 1483, Time: 00:01:56

Health: -5/33      AC:  7    Str: 22    XL:     3   Next: 28%
Magic:  2/2        EV:  2    Int:  5    God:
Gold:   108        SH:  0    Dex:  9    Spells: 2/2 levels left

rFire   . . .        k - +0 whip (venom)
rCold   . . .        c - +0 buckler
rNeg    + . .        b - +0 scale mail
rPois   .            (helmet restricted)
rElec   .            (no cloak)
rCorr   .            (no gloves)
SInv    .            (no boots)
Will    .....        s - amulet of magic regeneration Stlth
                     h - ring of positive energy
HPRegen 0.25/turn    (no ring)
MPRegen 0.48/turn

%: no passive effects
@: sleeping
A: horns 2, retaliatory headbutt
a: no special abilities


You were on level 3 of the Dungeon.
You visited 1 branch of the dungeon, and saw 3 of its levels.

You collected 108 gold pieces.

Inventory:

Hand Weapons
 a - a +0 war axe
 k - a +0 whip of venom (weapon)
Armour
 b - a +0 scale mail (worn)
 c - a +0 buckler (worn)
Jewellery
 h - a ring of positive energy (left hand)
 s - an amulet of magic regeneration (around neck)
Wands
 m - a wand of flame (18)
Scrolls
 e - a scroll of teleportation {unknown}
 g - 2 scrolls of amnesia {unknown}
 j - a scroll of revelation {unknown}
 l - a scroll of noise {unknown}
 p - a scroll of identify {unknown}
Potions
 d - a potion of might
 f - a potion of cancellation {unknown}
 i - a potion of invisibility {unknown}
 n - a potion of attraction {unknown}
 o - a potion of magic {unknown}
 q - a potion of ambrosia {unknown}
 r - a potion of enlightenment {unknown}


   Skills:
 + Level 4.2 Fighting
 + Level 2.8 Axes
 + Level 0.4(1.8) Maces & Flails
 + Level 4.1 Armour
 + Level 0.2 Dodging
 + Level 4.1 Shields


You had 2 spell levels left.
You didn't know any spells.
Your spell library contained the following spells:

 Spells                   Type           Power      Damage    Failure   Level
 Ensorcelled Hibernation  Hex/Ice        0%         N/A       94%         2
 Jinxbite                 Hex            0%         N/A       94%         2
 Anguish                  Hex/Necr       0%         N/A       100%        4


Dungeon Overview and Level Annotations

Branches:
Dungeon (3/15)

Altars:


Innate Abilities, Weirdness & Mutations

You have a pair of horns on your head.
You reflexively headbutt those who attack you in melee.


Message History

A sleepcap comes into view.
You hit the worm. You headbutt the worm.
The worm is heavily wounded.
You barely miss the worm. You headbutt the worm!
You kill the worm!
You see here the +2 robe of Uskayaw's Hatred {Fly Int+3}.
You hit the sleepcap. You headbutt the sleepcap.
The sleepcap is lightly damaged.
The sleepcap releases spores at you!
You are engulfed in a cloud of soporific spores!
You fall asleep.
The sleepcap releases spores at you!
You wake up.
You are engulfed in a cloud of soporific spores!
You are unaffected.
You hit the sleepcap.
The sleepcap is moderately damaged.
The sleepcap releases spores at you but does no damage.
You hit the sleepcap but do no damage.
You headbutt the sleepcap, but do no damage.
The sleepcap is moderately damaged.
You block the sleepcap's attack.
You hit the sleepcap.
You headbutt the sleepcap, but do no damage.
The sleepcap is moderately damaged.
The sleepcap closely misses you.
You hit the sleepcap but do no damage.
The sleepcap is moderately damaged.
The sleepcap releases spores at you but does no damage.
You hit the sleepcap but do no damage. You headbutt the sleepcap.
The sleepcap is heavily damaged.
The sleepcap releases spores at you but does no damage.
Unknown command.
You whack the sleepcap!
You headbutt the sleepcap, but do no damage.
The sleepcap is almost destroyed.
The sleepcap releases spores at you.
You are engulfed in a cloud of soporific spores!
You fall asleep.
The sleepcap releases spores at you!
You die...

# ##......<.# #
#.#.##.....##..# ###.
#..............#
....#####.#.##.....##.##
#.......>..###..(......
#..........# #.......##
#..........###.#####.#
##.....f....##...## ..#
.......@....#.....#....
##.....>..............##
#....................#
#.........#..<....##..
#.........##.....#####
#####.#######...## #.
##.... #. ######


You could see a sleepcap.

Vanquished Creatures
  A worm (D:3)
  5 endoplasms
  A giant cockroach (D:2)
  8 goblins
  7 hobgoblins
  A quokka (D:1)
  3 frilled lizards
  2 kobolds (D:2)
  5 rats
33 creatures vanquished.

Notes
Turn   | Place    | Note
-------+----------+-------------------------------------------
     0 | D:1      | wildpjah the Minotaur Fighter began the quest for the Orb.
     0 | D:1      | Reached XP level 1. HP: 19/19 MP: 0/0
   248 | D:1      | Reached XP level 2. HP: 27/27 MP: 1/1
   953 | D:2      | Found a faded altar of an unknown god.
  1064 | D:2      | Reached XP level 3. HP: 33/33 MP: 2/2
  1474 | D:3      | Identified the +2 robe of Uskayaw's Hatred {Fly Int+3}
  1483 | D:3      | Slain by a sleepcap

Illustrated notes

Levels and vault maps discovered:
D:1:      dpeg_arrival_arbitrary_a, layout_basic, serial_co_window_serial,
          co_window_of_opportunity_a, co_window_corner_a, co_window_paths_a,
          co_window_of_opportunity_a, co_window_corner_a, co_window_corner_a,
          co_window_paths_b, co_window_corner_b, co_window_2corner,
          co_window_of_opportunity_c, co_window_corner_b, co_window_corner_b,
          co_window_corner_cb, co_window_corner_cb, glass_columns_a,
          minmay_strange_pillars
D:2:      layout_basic, hellmonk_ecumenical_altar_zigzags,
          kennysheep_minor_cross
D:3:      layout_loops_ring

Skill      XL: |  1  2 |
---------------+-------+-----
Armour         | 4 |  4.1
Fighting       | 4 |  4.2
Shields        | 4 |  4.1
Axes           | |  2.8
Maces & Flails | |  0.4
Dodging        | |  0.2

Action                     || total
---------------------------++-------
  Melee: War axe           ||    43
         Headbutt          ||    15
         Whip              ||    30
 Armour: Scale mail        ||    47
  Dodge: Dodged            ||    26
  Block: Buckler           ||    16

Table legend: (Time is in decaauts)
 A = Elapsed time spent in this place.
 B = Non-inter-level travel time spent in this place.
 C = Inter-level travel time spent in this place.
 D = Time resting spent in this place.
 E = Time spent auto-exploring this place.
 F = Levels seen in this place.
 G = Mean time per level.
                   A        B        C        D        E       F      G
               +--------+--------+--------+--------+--------+-----+--------+
         Total |   1501 |   1476 |     25 |      0 |   1236 |   3 |  500.3 |
       Dungeon |   1501 |   1476 |     25 |      0 |   1236 |   3 |  500.3 |
               +--------+--------+--------+--------+--------+-----+--------+

Top non-repeatable levels by time:
     D:1: 887 daAuts
     D:2: 567 daAuts
     D:3: 45 daAuts
